 Dungeon Crawl Stone Soup version 0.32-a0-5-gbffa963729 (webtiles) character file.

Game seed: 3026296405752347519

14899 dorian the Grappler (level 12, 0/92 HPs)
             Began as a Gnoll Shapeshifter on Jan 12, 2024.
             Was a Priest of Wu Jian.
             Succumbed to barbed spike wounds
             ... on level 12 of the Dungeon on Jan 13, 2024.
             The game lasted 00:41:56 (14393 turns).

dorian the Grappler (Gnoll Shapeshifter)           Turns: 14393, Time: 00:41:56

Health: 0/92       AC:  4    Str: 20    XL:     12   Next: 21%
Magic:  23/23      EV: 19    Int:  9    God:    Wu Jian [***...]
Gold:   580        SH:  0    Dex: 11    Spells: 25/25 levels left

rFire   . .          .
                       - Unarmed
rCold   + . .        (shield currently unavailable)
rNeg    + . .        B - melded +0 chain mail "Syibichuipp" {rPois Slay+2}
rPois   +            (no helmet)
rElec   +            (no cloak)
rCorr   +            m - +2 pair of gloves
SInv    .            s - +0 pair of boots {Stlth+}
Will    ++...        (no amulet)
Stlth   ++           z - ring "Amoduggo" {rF- rN+ Will+ rCorr Stlth+}
HPRegen 0.35/turn    o - ring of willpower
MPRegen 0.18/turn

%: no passive effects
@: exhausted, flux-form, resistant, spiked, glowing, studying Long Blades
A: glow, contaminating, fangs 1, strong nose, distributed training
a: Begin Untransformation, Renounce Religion, Wall Jump, Serpent's Lash


You were on level 12 of the Dungeon.
You worshipped Wu Jian.
Wu Jian was most pleased with you.
You were something dangerously unstable.
You visited 2 branches of the dungeon, and saw 13 of its levels.

You collected 750 gold pieces.
You spent 170 gold pieces at shops.

Inventory:

Missiles
 k - a throwing net (quivered)
Armour
 m - a +2 pair of gloves (worn)
 s - a +0 pair of boots of stealth (worn)
 B - the +0 chain mail "Syibichuipp" (melded) {rPois Slay+2}
   (You found it on level 9 of the Dungeon)

   Slay+2:    It affects your accuracy & damage with ranged weapons and melee
   (+2).
   rPois:     It protects you from poison
Jewellery
 j - a ring of ice
 l - a ring of resist corrosion
 o - a ring of willpower (right hand)
 z - the ring "Amoduggo" (left hand) {rF- rN+ Will+ rCorr Stlth+}
   (You found it on level 10 of the Dungeon)

   [ring of positive energy]

   rF-:       It makes you vulnerable to fire.
   rN+:       It protects you from negative energy.
   Will+:     It increases your willpower.
   rCorr:     It protects you from acid and corrosion.
   Stlth+:    It makes you more stealthy.
Talismans
 c - a beast talisman
 d - a flux talisman (active)
 x - a blade talisman
Wands
 y - a wand of flame (5)
 A - a wand of iceblast (4)
Scrolls
 a - 2 scrolls of identify
 b - a scroll of revelation
 f - a scroll of torment
 n - a scroll of brand weapon
 p - a scroll of enchant weapon
 u - 2 scrolls of poison
 v - a scroll of silence
 C - a scroll of immolation
Potions
 e - a potion of brilliance
 g - 2 potions of degeneration
 i - 3 potions of magic
 q - 2 potions of curing
 r - a potion of invisibility
 w - a potion of ambrosia
 D - 2 potions of attraction


   Skills:
 + Level 7.8 Fighting
 + Level 7.3 Short Blades
 + Level 9.8 Long Blades
 + Level 7.3 Axes
 + Level 7.3 Maces & Flails
 + Level 7.3 Polearms
 + Level 7.3 Staves
 + Level 7.3 Ranged Weapons
 + Level 7.3 Throwing
 + Level 7.3 Armour
 + Level 8.7 Dodging
 + Level 7.3 Stealth
 + Level 7.3 Shields
 + Level 9.9 Unarmed Combat
 + Level 7.3 Spellcasting
 + Level 6.1 Conjurations
 + Level 6.1 Hexes
 + Level 6.1 Summonings
 + Level 6.1 Necromancy
 + Level 6.1 Translocations
 + Level 6.1 Fire Magic
 + Level 6.1 Ice Magic
 + Level 6.1 Air Magic
 + Level 6.1 Earth Magic
 + Level 6.1 Alchemy
 + Level 8.0 Invocations
 + Level 7.3 Evocations
 + Level 9.4 Shapeshifting


You had 25 spell levels left.
You didn't know any spells.
Your spell library contained the following spells:

 Spells                   Type           Power      Damage    Failure   Level
 Lesser Beckoning         Tloc           28%        N/A       2%          2
 Static Discharge         Conj/Air       28%        3-5/arc   2%          2
 Gell's Gravitas          Tloc           14%        N/A       4%          3
 Teleport Other           Tloc           14%        N/A       4%          3
 Airstrike                Air            7%         2d(1-17)  16%         4
 Summon Lightning Spire   Summ/Air       14%        N/A       16%         4


Dungeon Overview and Level Annotations

Branches:
Dungeon (12/15)            Temple (1/1) D:7            Lair (0/5) D:10
    Orc (0/2) D:9

Altars:
Ashenzari
Cheibriados
Dithmenos
Elyvilon
Fedhas
Gozag
Hepliaklqana
Kikubaaqudgha
Makhleb
Nemelex Xobeh
Okawaru
Qazlal
Ru
Sif Muna
Trog
Uskayaw
Vehumet
Wu Jian
Xom
Yredelemnul
Zin
The Shining One

Shops:
D:6 !![

Annotations:
D:6 1 runed translucent door, Prince Ribbit; Ronin1791's ghost, novice MiFi
D:11 Frances


Innate Abilities, Weirdness & Mutations

You are something dangerously unstable.
You glow with magical radiation, making you easy to see and hit.
Foes you strike become dangerously contaminated with magical radiation.
You are incapable of wielding weapons or throwing items.
You have very sharp teeth.
Your uncanny sense of smell can sniff out nearby items.
Your experience applies equally to all skills.


Message History

Okay, then.
Aiming: Wall Jump
Press: ? - help, Dir - move target, p - manticore
Okay, then.
Unknown command.
You feel much better. The manticore bites you!! The manticore claws you!
The manticore claws you.
You feel much better.
You carefully extract the barbed spikes from your body.
The manticore bites you but does no damage.
The manticore claws you but does no damage.
The manticore claws you.
Aiming: Wall Jump
Press: ? - help, Dir - move target The manticore flicks its tail.
The volley of spikes skewers you!
The barbed spikes become lodged in your body.
Your muscles tense, ready for explosive movement...
The barbed spikes dig painfully into your body as you move.
The barbed spikes dig painfully into your body as you move.
Your supernatural speed expires.
The barbed spikes dig painfully into your body as you move.
The barbed spikes dig painfully into your body as you move.
The barbed spikes dig painfully into your body as you move.
* * * LOW HITPOINT WARNING * * *
The barbed spikes dig painfully into your body as you move.
* * * LOW HITPOINT WARNING * * *
The barbed spikes dig painfully into your body as you move.
* * * LOW HITPOINT WARNING * * *
The barbed spikes dig painfully into your body as you move.
* * * LOW HITPOINT WARNING * * *
The barbed spikes dig painfully into your body as you move.
* * * LOW HITPOINT WARNING * * *
You feel better.
The barbed spikes dig painfully into your body as you move.
* * * LOW HITPOINT WARNING * * *
The barbed spikes dig painfully into your body as you move.
* * * LOW HITPOINT WARNING * * *
The barbed spikes dig painfully into your body as you move.
You die...

..######......###.
.................
#########################
...........)...........). #####
#####...#############.## ...♣
♣...♣...♣...♣ ♣.♣.♣.#.##
♣.♣♣♣.♣.♣.♣.♣D♣.♣♣♣..♣..#.#.
♣...♣.♣.♣.♣.♣.♣.♣.......#.##
#.♣♣♣.♣.♣.♣.♣.♣p♣.♣.♣.#..♣..#.##
#.....♣...♣.......♣.D.#.♣D♣.#...
###W#####################.###...
♣. ∆ ∆ ♣♣ ♣♣H♣♣#... ..
.♣.~.♣#♣c♣.♣#... ...
#D~~~...♣♣♣.#... #♣..
c♣.~.♣#♣.♣.♣#... ♣♣. ∆ ∆ ♣♣
♣♣.♣♣#.## #. #.# #.##


There were no monsters in sight!

Vanquished Creatures
  3 two-headed ogres
  Nergalle (D:12)
  An arcanist (D:10)
  Pikel (D:4)
  A manticore (D:10)
  A rime drake (D:10)
  A yaktaur (shapeshifter) (D:12)
  3 trolls
  2 hornets
  2 shadows (D:11)
  2 wraiths (D:12)
  24 yaks
  2 wyverns
  A basilisk (D:12)
  5 vampire mosquitoes (D:12)
  Edmund (D:6)
  2 acid dragons (D:9)
  A water moccasin (D:6)
  3 orc warriors
  4 ice beasts
  2 black bears
  A sky beast (D:7)
  An ogre (D:6)
  2 wolves (D:10)
  A centaur (D:5)
  2 phantoms
  2 lemures (D:4)
  6 kobold brigands
  5 bullfrogs
  A scorpion (D:6)
  A gnoll sergeant (D:10)
  4 wights (D:7)
  12 killer bees (D:8)
  7 howler monkeys
  2 bombardier beetles
  2 hounds
  2 jellies (D:6)
  2 orc priests
  A sleepcap (D:5)
  3 iguanas
  10 orc wizards
  7 gnolls
  9 adders
  3 shadow imps
  A white imp (D:7)
  3 ribbon worms
  5 dart slugs
  29 orcs
  6 ball pythons
  2 bats
  3 endoplasms
  5 giant cockroaches
  6 goblins
  4 hobgoblins
  6 jackals
  31 kobolds
  A quokka (D:2)
  3 frilled lizards
  4 rats
258 creatures vanquished.

Vanquished Creatures (collateral kills)
  A killer bee (D:8)
  An orc wizard (D:8)
  2 orcs (D:8)
4 creatures vanquished.

Grand Total: 262 creatures vanquished

Notes
Turn   | Place    | Note
-------+----------+-------------------------------------------
     0 | D:1      | dorian the Gnoll Shapeshifter began the quest for the Orb.
     0 | D:1      | Reached XP level 1. HP: 17/17 MP: 1/1
   189 | D:1      | Reached XP level 2. HP: 14/23 MP: 2/2
  1014 | D:2      | Reached XP level 3. HP: 28/28 MP: 3/3
  1183 | D:2      | Reached skill level 1 in Invocations
  1540 | D:3      | Found a faded altar of an unknown god.
  1548 | D:3      | Reached skill level 1 in Short Blades
  1548 | D:3      | Reached skill level 1 in Long Blades
  1548 | D:3      | Reached skill level 1 in Axes
  1548 | D:3      | Reached skill level 1 in Maces & Flails
  1548 | D:3      | Reached skill level 1 in Polearms
  1548 | D:3      | Reached skill level 1 in Staves
  1548 | D:3      | Reached skill level 1 in Ranged Weapons
  1548 | D:3      | Reached skill level 1 in Throwing
  1548 | D:3      | Reached skill level 1 in Armour
  1548 | D:3      | Reached skill level 1 in Stealth
  1548 | D:3      | Reached skill level 1 in Shields
  1548 | D:3      | Reached skill level 1 in Spellcasting
  1548 | D:3      | Reached skill level 1 in Evocations
  1789 | D:3      | Reached XP level 4. HP: 30/34 MP: 5/5
  2221 | D:3      | Reached skill level 1 in Conjurations
  2221 | D:3      | Reached skill level 1 in Hexes
  2221 | D:3      | Reached skill level 1 in Summonings
  2221 | D:3      | Reached skill level 1 in Necromancy
  2221 | D:3      | Reached skill level 1 in Translocations
  2221 | D:3      | Reached skill level 1 in Fire Magic
  2221 | D:3      | Reached skill level 1 in Ice Magic
  2221 | D:3      | Reached skill level 1 in Air Magic
  2221 | D:3      | Reached skill level 1 in Earth Magic
  2221 | D:3      | Reached skill level 1 in Alchemy
  2478 | D:4      | Reached XP level 5. HP: 33/40 MP: 5/7
  2678 | D:4      | Noticed a lemure
  2701 | D:4      | Killed a lemure
  2808 | D:4      | Noticed Duvessa
  2808 | D:4      | Noticed Dowan
  2833 | D:5      | Entered Level 5 of the Dungeon
  2855 | D:4      | Noticed a lemure
  3253 | D:4      | Duvessa changed into Duvessa the ribbon worm
  3253 | D:4      | Noticed Duvessa
  3268 | D:4      | Killed Duvessa the ribbon worm
  3273 | D:4      | Dowan changed into Dowan the howler monkey
  3273 | D:4      | Noticed Dowan
  3277 | D:4      | Killed Dowan the howler monkey
  3278 | D:4      | Reached XP level 6. HP: 35/47 MP: 8/8
  3605 | D:4      | Noticed Pikel
  3622 | D:4      | Killed Pikel
  3623 | D:4      | Reached skill level 5 in Dodging
  3623 | D:4      | Reached XP level 7. HP: 37/53 MP: 8/11
  4049 | D:5      | Noticed a troll
  4057 | D:5      | Reached XP level 8. HP: 35/60 MP: 12/12
  4059 | D:5      | Killed a troll
  4514 | D:5      | Found a basalt altar of Yredelemnul.
  4756 | D:5      | Noticed a yak
  4767 | D:5      | Killed a yak
  4994 | D:6      | Noticed Edmund
  5006 | D:6      | Killed Edmund
  5015 | D:6      | Reached XP level 9. HP: 55/67 MP: 13/15
  5345 | D:6      | Reached skill level 5 in Fighting
  5386 | D:6      | Found Lelaem's Distillery.
  5404 | D:6      | Bought a potion of berserk rage for 50 gold pieces
  5404 | D:6      | Bought a potion of curing for 30 gold pieces
  5404 | D:6      | Bought a potion of curing for 30 gold pieces
  5536 | D:6      | Found Ytynan's Distillery.
  5539 | D:6      | Noticed Prince Ribbit
  5543 | D:6      | Upgraded the game from 0.31-a0-1626-g5cb510d322 to
                  | 0.32-a0-5-gbffa963729
  5550 | D:6      | Reached skill level 5 in Long Blades
  5553 | D:6      | HP: 4/102 [shadow imp (6)]
  5809 | D:6      | Bought a potion of heal wounds for 60 gold pieces
  5845 | D:6      | Found a runed translucent door.
  5845 | D:6      | Noticed Ronin1791's ghost (novice MiFi)
  5852 | D:6      | Found Hamoijac's Antique Armour Boutique.
  6437 | D:7      | Reached skill level 5 in Invocations
  6986 | D:7      | Found a staircase to the Ecumenical Temple.
  7018 | Temple   | Entered the Ecumenical Temple
  7091 | Temple   | Became a worshipper of the Wu Jian Council
  7419 | D:8      | Reached skill level 5 in Short Blades
  7419 | D:8      | Reached skill level 5 in Axes
  7419 | D:8      | Reached skill level 5 in Maces & Flails
  7419 | D:8      | Reached skill level 5 in Polearms
  7419 | D:8      | Reached skill level 5 in Staves
  7419 | D:8      | Reached skill level 5 in Ranged Weapons
  7419 | D:8      | Reached skill level 5 in Throwing
  7419 | D:8      | Reached skill level 5 in Armour
  7419 | D:8      | Reached skill level 5 in Stealth
  7419 | D:8      | Reached skill level 5 in Shields
  7419 | D:8      | Reached skill level 5 in Spellcasting
  7419 | D:8      | Reached skill level 5 in Evocations
  7419 | D:8      | Reached XP level 10. HP: 50/76 MP: 17/17
  7988 | D:8      | Reached * piety under Wu Jian
  8366 | D:8      | Found a broken altar of Ashenzari.
  9071 | D:9      | Paralysed by a hornet for 1 turns
  9685 | D:9      | Identified the +0 chain mail "Syibichuipp" {rPois Slay+2}
  9717 | D:9      | Found a staircase to the Orcish Mines.
  9822 | D:10     | Entered Level 10 of the Dungeon
  9822 | D:10     | Noticed a two-headed ogre
  9834 | D:10     | HP: 2/76 [two-headed ogre/+0 giant spiked club (14)]
  9837 | D:10     | Killed a two-headed ogre
 10674 | D:10     | Reached skill level 5 in Conjurations
 10674 | D:10     | Reached skill level 5 in Hexes
 10674 | D:10     | Reached skill level 5 in Summonings
 10674 | D:10     | Reached skill level 5 in Necromancy
 10674 | D:10     | Reached skill level 5 in Translocations
 10674 | D:10     | Reached skill level 5 in Fire Magic
 10674 | D:10     | Reached skill level 5 in Ice Magic
 10674 | D:10     | Reached skill level 5 in Air Magic
 10674 | D:10     | Reached skill level 5 in Earth Magic
 10674 | D:10     | Reached skill level 5 in Alchemy
 10823 | D:10     | Found a staircase to the Lair.
 10825 | D:10     | Identified the ring "Amoduggo" {rF- rN+ Will+ rCorr Stlth+}
 10861 | D:10     | Reached XP level 11. HP: 73/83 MP: 20/20
 10867 | D:10     | Reached ** piety under Wu Jian
 11100 | D:10     | Noticed a manticore
 11103 | D:10     | Killed a manticore
 11220 | D:10     | Noticed a two-headed ogre
 11224 | D:10     | Killed a two-headed ogre
 11459 | D:10     | Noticed an arcanist
 11466 | D:10     | Killed an arcanist
 12752 | D:11     | Found an ornate altar of the Wu Jian Council.
 13006 | D:12     | Noticed Frances
 13447 | D:11     | Reached *** piety under Wu Jian
 13818 | D:12     | Reached XP level 12. HP: 83/91 MP: 22/22
 13884 | D:12     | Noticed Nergalle
 13901 | D:12     | Killed Nergalle
 13977 | D:12     | Noticed a two-headed ogre
 13982 | D:12     | Killed a two-headed ogre
 14371 | D:12     | Noticed a five-headed hydra
 14371 | D:12     | Noticed a centaur warrior
 14393 | D:12     | Succumbed to barbed spike wounds

Illustrated notes

Levels and vault maps discovered:
D:1:      orjb1_clovarrival, layout_basic, serial_curves, eino_curves_03,
          eino_curves_01
D:2:      layout_basic
D:3:      layout_basic, shapermc_ecumenical_altar_venn
D:4:      layout_basic, uniq_duvessa, uniq_pikel
D:5:      layout_loops_ring, mainiacjoe_overflow_six_doors_small,
          minmay_manual_mail
D:6:      layout_loops_ring, ebering_ghost_reflecting_pool, serial_shops,
          nicolae_shop_advertising_works [nicolae_subvault_shop_adworks],
          kennysheep_mini_moat, shop, supply_closet_lemuel, uniq_prince_ribbit1,
          uniq_edmund
D:7:      layout_rooms, minmay_temple_entry_glassed_door
D:8:      layout_basic, evilmike_ruin_ashenzari, minivault_25
D:9:      layout_irregular_city, orc_0_dummy
D:10:     cheibrodos_wizards_tower, layout_loops_corners,
          hellmonk_lair_entry_icy
D:11:     layout_rooms, nicolae_wu_jian_wuxing_cycle
D:12:     nzn_winding_woodlands_medium [nzn_winding_woodlands_5x5_three,
          nzn_winding_woodlands_5x15_twine, nzn_winding_woodlands_5x5_cross,
          nzn_winding_woodlands_5x5_open_star,
          nzn_winding_woodlands_center_triple_pond,
          nzn_winding_woodlands_5x5_closed_star,
          nzn_winding_woodlands_5x5_perimeter,
          nzn_winding_woodlands_5x15_sidewinder,
          nzn_winding_woodlands_hourglass], layout_stronghold,
          serial_column_ruins, column_ruins_hut, column_ruins_square_medium,
          column_ruins_grid_1, column_ruins_grid_1,
          column_ruins_open_small_water, column_ruins_open_tiny,
          nrook_loot_triangle, uniq_nergalle, uniq_frances, uniq_sonja
Temple:   nicolae_temple_bog_church

Skill      XL: |  1  2  3  4  5  6  7  8  9 10 11 12 |
---------------+-------------------------------------+-----
Invocations    | 1 2 3 4 5 6 7 8 |  8.0
Short Blades   | 1 2 3 4 5 6 7 |  7.3
Long Blades    | 1 2 3 4 6 7 9 |  9.8
Axes           | 1 2 3 4 5 6 7 |  7.3
Maces & Flails | 1 2 3 4 5 6 7 |  7.3
Polearms       | 1 2 3 4 5 6 7 |  7.3
Staves         | 1 2 3 4 5 6 7 |  7.3
Ranged Weapons | 1 2 3 4 5 6 7 |  7.3
Throwing       | 1 2 3 4 5 6 7 |  7.3
Armour         | 1 2 3 4 5 6 7 |  7.3
Stealth        | 1 2 3 4 5 6 7 |  7.3
Shields        | 1 2 3 4 5 6 7 |  7.3
Spellcasting   | 1 2 3 4 5 6 7 |  7.3
Evocations     | 1 2 3 4 5 6 7 |  7.3
Conjurations   | 1 2 3 4 5 6 |  6.1
Hexes          | 1 2 3 4 5 6 |  6.1
Summonings     | 1 2 3 4 5 6 |  6.1
Necromancy     | 1 2 3 4 5 6 |  6.1
Translocations | 1 2 3 4 5 6 |  6.1
Fire Magic     | 1 2 3 4 5 6 |  6.1
Ice Magic      | 1 2 3 4 5 6 |  6.1
Air Magic      | 1 2 3 4 5 6 |  6.1
Earth Magic    | 1 2 3 4 5 6 |  6.1
Alchemy        | 1 2 3 4 5 6 |  6.1
Fighting       | 3 4 5 6 7 |  7.8
Dodging        | 5 6 7 8 |  8.7
Unarmed Combat | 7 8 9 |  9.9
Shapeshifting  | 7 8 9 |  9.4

Action                     |  1- 3 |  4- 6 |  7- 9 | 10-12 || total
---------------------------+-------+-------+-------+-------++-------
  Melee: Unarmed           |    80 |    87 |   294 |   605 ||  1066
         Punch             |     2 |     4 |     9 |    21 ||    36
         Bite              |     2 |    11 |    24 |    87 ||   124
 Invoke: Serpent's Lash    |       |       |       |     2 ||     2
Ability: Lunge             |       |       |       |    25 ||    25
         Whirlwind         |       |       |       |     5 ||     5
         Wall Jump         |       |       |       |     2 ||     2
  Evoke: Wand              |       |     2 |       |    23 ||    25
    Use: Scroll            |     7 |       |     8 |     9 ||    24
         Potion            |       |     1 |     2 |    12 ||    15
   Stab: Sleeping          |     2 |       |       |     3 ||     5
         Invisible         |       |       |       |     2 ||     2
 Armour: Animal skin       |    36 |    13 |       |       ||    49
         Scale mail        |       |    26 |   115 |    64 ||   205
         Skin              |       |     6 |    45 |    59 ||   110
         Chain mail        |       |       |       |   238 ||   238
  Dodge: Dodged            |    44 |    26 |   155 |   268 ||   493
   Form: Flux              |       |       |     1 |     3 ||     4
         Beast             |       |       |     1 |     1 ||     2
         Blade             |       |       |       |     2 ||     2
                           |       |       |       |     1 ||     1

Table legend: (Time is in decaauts)
 A = Elapsed time spent in this place.
 B = Non-inter-level travel time spent in this place.
 C = Inter-level travel time spent in this place.
 D = Time resting spent in this place.
 E = Time spent auto-exploring this place.
 F = Levels seen in this place.
 G = Mean time per level.
                   A        B        C        D        E       F      G
               +--------+--------+--------+--------+--------+-----+--------+
         Total |  14321 |  13672 |    649 |   1775 |   9550 |  13 | 1101.6 |
       Dungeon |  14223 |  13614 |    609 |   1775 |   9550 |  12 | 1185.2 |
        Temple |     97 |     57 |     40 |      0 |      0 |   1 |   97.0 |
               +--------+--------+--------+--------+--------+-----+--------+

Top non-repeatable levels by time:
    D:10: 2090 daAuts
     D:9: 1449 daAuts
    D:11: 1342 daAuts
     D:4: 1304 daAuts
     D:5: 1291 daAuts
     D:6: 1119 daAuts
     D:8: 1111 daAuts
     D:7: 1032 daAuts
     D:3: 1028 daAuts
     D:1: 963 daAuts
    D:12: 922 daAuts
     D:2: 566 daAuts
  Temple: 97 daAuts
